[Event "2nd Bundesliga Nord 2024-25"]
[Site "Germany"]
[Date "2025.02.22"]
[Round "8.10"]
[White "Kuzubov, Yuriy"]
[Black "Xu, Xianliang"]
[Result "1-0"]
[Annotator "TA"]
[ECO "D02"]
[WhiteElo "2597"]
[BlackElo "2470"]
[PlyCount "81"]
[EventDate "2024.11.29"]
[EventType "team-tourn"]
[EventCountry "GER"]
[SourceTitle "playchess.com"]
[Source "ChessBase"]
[SourceQuality "1"]
[WhiteTeam "Wolfhagen"]
[BlackTeam "SG Porz"]
[TimeControl "40/5400+30:1800+30"]

1. d4 d5 2. Nf3 Nc6 3. Bf4 Bg4 4. Nbd2 e6 5. h3 Bf5 6. e3 {[%emt 0:07:54] D02: 1 d4 d5 2 Nf3 sidelines, including 2...Nf6 3 g3 and 2...Nf6 3 Bf4.} Bd6 7. Bb5 Nge7 8. c3 {[%emt 0:05:16] The position is equal.} a6 $146 ({Predecessor:} 8... O-O 9. O-O Bxf4 10. exf4 Qd6 11. g3 Bxh3 12. Re1 Bg4 13. Kg2 Ng6 14. Bd3 Nce7 {½-½ Plueg,A (2375)-Maahs,E (2180) Wichern op 4th 1997 (7)}) 9. Ba4 O-O 10. Qe2 h6 11. O-O Bxf4 12. exf4 Qd6 13. Qe3 b5 14. Bd1 Na5 15. b3 {[%emt 0:23:21] Prevents Nc4} Nb7 16. Re1 Bh7 17. Nf1 c5 18. g4 cxd4 19. cxd4 Nc6 20. Ng3 Rac8 21. Rc1 Nb4 22. Rxc8 Rxc8 23. f5 exf5 24. gxf5 f6 {[%emt 0:03:08][%csl Od5,Og7] Black has weak pawns Inhibits Ne5.} (24... Nxa2 $14 25. Ne5 Nb4) 25. Nh4 $16 Nc6 (25... Qd7 $16 {was worth a try.}) 26. Ng6 Bxg6 27. fxg6 f5 {[%emt 0:00:44] Inhibits Bg4.} 28. Nxf5 {[%emt 0:09:11] White attacks} Qxg6+ 29. Bg4 {[%emt 0:00:11][%cal Bd1g4,Bg4e6,Be6f5][%mdl 32] and Nh4 should not be overlooked} Rf8 {[%emt 0:03:11] [#]} 30. Nh4 ({Better is} 30. Qf3 $1 $18 ) 30... Qf6 (30... Qg5 $142 31. Qxg5 hxg5) 31. Qe6+ Rf7 32. Qe8+ (32. Qxd5 $2 Qxf2+ 33. Kh1 Qxe1+ $19) 32... Rf8 {[%emt 0:00:03] [#]} 33. Be6+ $1 Kh7 34. Bf5+ (34. Qxc6 $2 Qxf2+ 35. Kh1 Qxe1+ $19) 34... Kg8 {[%emt 0:00:11] Black is weak on the light squares} 35. Qe6+ Rf7 36. Qe8+ (36. Qc8+ $16 Rf8 37. Qe6+ (37. Qxb7 Qxh4 38. Qxc6 Rxf5 $14) 37... Rf7 38. Qc8+) 36... Rf8 $11 37. Ng6 {[%emt 0:00:38][%cal Bh4g6,Bg6f8,Bf8e6,Be6d4][%mdl 32] The board is on fire.} Qxf5 (37... Qg5+ $11 {and Black is okay.} 38. Kf1 Qxf5 (38... Rxe8 39. Rxe8+ Kh7 40. Rh8#) 39. Nxf8 (39. Qxc6 $2 Qxf2#) 39... Qxh3+ 40. Kg1 Qg4+ 41. Kh2 Qf3) 38. Nxf8 $18 (38. Qxc6 {is a self mate.} Qxf2+ 39. Kh1 Qxe1+ 40. Kh2 Rf2+ 41. Kg3 Qg1+ 42. Kh4 Qg5#) 38... Nxd4 $2 (38... Nbd8 39. Nd7+ Kh7) 39. Ne6+ {[%emt 0:00:10] White is clearly winning.} Kh7 40. Nxd4 Qxh3 41. Qc6 {[%emt 0:32:06] Weighted Error Value: White=0.35/Black=0.39  Loses game:     	---       	Black=1      Mistake:       	White=2     	Black=4      Inaccurate:     	White=1     	Black=2      OK:         	White=6     	Black=13     Best:        	White=7     	Black=4      Strong:       	White=1     	---} 1-0

[Event "2nd Bundesliga Nord 2024-25"]
[Site "Germany"]
[Date "2025.02.22"]
[Round "8.11"]
[White "Rotstein, Arkadij"]
[Black "Onyshchuk, Volodymyr"]
[Result "0-1"]
[Annotator "RC"]
[ECO "B07"]
[WhiteElo "2432"]
[BlackElo "2610"]
[PlyCount "62"]
[EventDate "2024.11.29"]
[EventType "team-tourn"]
[EventCountry "GER"]
[SourceTitle "playchess.com"]
[Source "ChessBase"]
[SourceQuality "1"]
[WhiteTeam "SG Porz"]
[BlackTeam "Wolfhagen"]
[TimeControl "40/5400+30:1800+30"]

1. Nf3 g6 2. e4 Bg7 3. d4 d6 4. c3 Nf6 5. Bd3 O-O 6. O-O Nc6 7. h3 e5 8. dxe5 Nxe5 9. Nxe5 dxe5 10. Re1 Be6 11. Na3 a6 12. Bg5 h6 13. Bh4 b5 14. Nc2 Qc8 15. a4 Qb7 16. axb5 axb5 17. Qe2 Nh5 18. Qe3 Nf4 19. Bf1 Rxa1 20. Rxa1 c5 21. Ra5 Bc4 22. Bg3 Bxf1 23. Kxf1 Rd8 24. Bxf4 exf4 25. Qe2 f3 26. Qxf3 Rd2 27. Na3 Qd7 28. Kg1 Rxb2 29. Qf4 Qe8 30. g3 Bxc3 31. Ra7 Bd4 0-1

[Event "2nd Bundesliga Nord 2024-25"]
[Site "Germany"]
[Date "2025.02.22"]
[Round "8.12"]
[White "Motylev, Alexander"]
[Black "Suvorov, Alexander"]
[Result "1/2-1/2"]
[Annotator "TA"]
[ECO "B52"]
[WhiteElo "2603"]
[BlackElo "2356"]
[PlyCount "169"]
[EventDate "2024.11.29"]
[EventType "team-tourn"]
[EventCountry "GER"]
[SourceTitle "playchess.com"]
[Source "ChessBase"]
[SourceQuality "1"]
[WhiteTeam "Wolfhagen"]
[BlackTeam "SG Porz"]
[TimeControl "40/5400+30:1800+30"]

1. e4 c5 2. Nf3 d6 3. Bb5+ Bd7 4. Bxd7+ Qxd7 5. O-O Nf6 6. Qe2 Nc6 7. c3 e6 8. d4 cxd4 9. cxd4 d5 10. e5 Ne4 11. Be3 {[%emt 0:00:14] 11.Nbd2 is the hot move.} Be7 12. Ne1 f5 {[%emt 0:11:26][%cal Of5f4] B52: Sicilian: Moscow Variation with 3...Bd7.} 13. Nd3 O-O 14. f3 Ng5 {[%emt 0:04:08][%cal Of5f4] White has an edge.} 15. Nd2 b6 16. Rac1 Rac8 17. Nb1 $146 (17. Rc3 Na5 18. Rfc1 Rxc3 19. Rxc3 Rc8 20. Rxc8+ Qxc8 21. Qd1 Nf7 22. Qc1 Qxc1+ 23. Nxc1 {0-1 Rabiega,R (2521)-Ftacnik,L (2598) Dresden ZMD op 2003 (7)}) 17... Nf7 18. Nc3 g5 19. g3 h6 20. Bf2 Nh8 21. h4 gxh4 22. gxh4 Kh7 23. Kh2 Rg8 24. Rg1 {[%emt 0:01:04] White attacks} Rxg1 25. Rxg1 Rg8 26. Rxg8 Kxg8 27. Nf4 {[%emt 0:02:06] Wards off Ng6} Kh7 28. Qf1 Ng6 29. Nxg6 Kxg6 30. Ne2 Kh7 31. Nf4 Nd8 (31... Bd8 $14) 32. Qg1 $16 Qe8 33. Qc1 {[%emt 0:00:18] White is more active.} Qd7 {[%emt 0:00:25] Against Qc8} 34. Qg1 Qe8 {[%emt 0:00:02] [#] Dodges Qg6+} 35. a4 $1 a6 (35... Bf8 36. Kh3) 36. Kh3 $40 {[%emt 0:04:06][%mdl 128] Black is in trouble.} a5 (36... b5 $142) 37. Qc1 Qd7 {[%emt 0:00:05] Dodges Qc7} 38. b3 (38. Qd1 $142 $1) 38... Nf7 39. Qf1 Nh8 40. Qb5 Qxb5 (40... Qc8 $1 $14) 41. axb5 $14 {[%emt 0:30:10][%mdl 4096] Endgame KBN-KBN} Ng6 42. Nxe6 h5 43. Be3 Bxh4 44. Nc7 f4 45. Bg1 (45. Bc1 $1 $18) 45... Bd8 46. Ne6 (46. Nxd5 $16 {and e6 should not be overlooked} Kh6 47. Nf6) 46... Bh4 $1 $11 47. Nc7 (47. Bh2 $11 Bf2 48. Bxf4) 47... Bd8 $1 $16 48. Nxd5 Kh6 49. Bh2 Kg5 50. Kg2 $1 Kf5 51. Kf1 Kg5 52. Ke2 Kf5 53. Kf2 Bh4+ 54. Kf1 $1 Bd8 55. Nc3 Be7 56. Ke2 Bd8 57. Bg1 Be7 58. Nd5 Bd8 59. Bf2 Ke6 60. Nc3 Kf5 (60... h4 $11 {remains equal.}) 61. Ne4 Be7 (61... Ke6 $142) 62. Be1 $1 h4 63. Nf2 Nf8 64. Nh3 Ne6 $2 (64... Ng6 $16 65. Kd3 Bf8) 65. Kd3 $1 $18 Bd8 66. Bf2 Nc7 67. Kc4 Be7 68. Be1 Bd8 69. Bf2 Be7 70. Bg1 Bb4 {[%emt 0:00:50] [#]} 71. Bh2 ({White should try} 71. d5 $1 $16 Kxe5 72. Bd4+ (72. Bxb6 Nxd5 73. Bd8 Ne3+ 74. Kd3 Ng2 $16) 72... Kd6 73. Nxf4) 71... Bd2 $11 72. Nf2 (72. Bg1 $5 Be3 $8 73. Bh2 $11) 72... Be1 73. Nh3 (73. Nd3 $5 Bg3 $8 74. Bg1 $11) 73... Bg3 $2 (73... Bd2 $1 $11 {and Black has nothing to worry.}) 74. Bg1 $18 Ke6 75. Bf2 Kf5 76. Bg1 Ke6 $1 {[%emt 0:00:01] [#]} 77. Nf2 $4 (77. d5+ $1 $18 {was the only winning move.} Nxd5 (77... Kxe5 $2 78. Bxb6 Kd6 79. Bd4 $18) 78. Bd4) 77... Bxf2 $19 78. Bxf2 {[%emt 0:00:01] KB-KN. White is a pawn up.} h3 {[%emt 0:00:02] ( -> ...h2)} 79. Bg1 Nd5 {[%emt 0:00:24][%mdl 1024] Black has strong compensation.} 80. Bh2 $2 (80. Kd3) 80... Ne3+ 81. Kd3 Kf5 82. Bg1 Nd5 $2 ({Better is} 82... Ng2 $19 {[%cal Og2e3] aiming for ...Ne3!.} 83. Bh2 Nh4) 83. Bh2 $2 (83. Kc4 $11 {and White stays safe.} Ne3+ (83... Ke6 84. Kd3 $17) 84. Kd3) 83... Ne3 84. Bg1 Nd5 $2 (84... Nf1 $19 85. Ke2 Ng3+ (85... h2 $2 86. Bxh2 Ne3 87. Kd3 $18) 86. Kf2 Ke6 (86... Nh1+ $2 87. Kf1 $17)) 85. Bh2 {[%emt 0:02:07] Weighted Error Value: White=0.19 (very precise) /Black=0.19 (very precise)   Loses game:     	White=1     	Black=3      Missed win:     	White=2     	Black=1      Mistake:       	White=5     	Black=4      Inaccurate:     	White=10    	Black=4      OK:         	White=23    	Black=19     Best:        	White=6     	Black=16     Strong:       	White=4     	Black=3} 1/2-1/2

[Event "2nd Bundesliga Nord 2024-25"]
[Site "Germany"]
[Date "2025.02.22"]
[Round "8.13"]
[White "Suvorov, Luca"]
[Black "Sivuk, Vitaly"]
[Result "0-1"]
[Annotator "TA"]
[ECO "E46"]
[WhiteElo "2388"]
[BlackElo "2510"]
[PlyCount "68"]
[EventDate "2024.11.29"]
[EventType "team-tourn"]
[EventCountry "GER"]
[SourceTitle "playchess.com"]
[Source "ChessBase"]
[SourceQuality "1"]
[WhiteTeam "SG Porz"]
[BlackTeam "Wolfhagen"]
[TimeControl "40/5400+30:1800+30"]

1. d4 Nf6 2. c4 e6 3. Nc3 Bb4 4. e3 O-O 5. Nge2 Re8 6. a3 Bf8 7. Ng3 d5 8. Be2 {[%emt 0:00:55] E46: Nimzo-Indian: Rubinstein: 4 e3 0-0 5 Ne2 without early Bd3.} b6 9. cxd5 exd5 10. O-O {[%emt 0:01:25] The position is equal.} a5 11. Bf3 Bb7 12. Qc2 Nc6 $146 ({Predecessor:} 12... g6 13. e4 dxe4 14. Ncxe4 Nxe4 15. Nxe4 Qxd4 16. Be3 Qe5 17. Nf6+ Qxf6 18. Bxb7 Ra7 19. Qxc7 {½-½ Schmelz,T-Ellinger,P IECC T002016 2018 (3)}) 13. Rd1 Ne7 14. Nge2 Ng6 15. g3 {[%emt 0:01:35] Prevents Nh4.} Qd7 16. a4 Rac8 17. Bg2 h5 18. h3 Bb4 19. Bd2 c5 (19... c6 $15) 20. Be1 c4 21. Nf4 (21. h4 $11) 21... Nxf4 $15 22. gxf4 Bc6 23. b3 Bb7 24. bxc4 (24. Rdb1 $142) 24... Rxc4 $17 {[%emt 0:00:08] aiming for ...Ne4.} (24... dxc4 25. d5 $14) 25. Qb3 Rec8 26. Nb5 ({White should try} 26. Na2 Bxe1 27. Rxe1) 26... Ba6 27. Bf1 Bxb5 28. axb5 {[%emt 0:00:02] [#]} Bxe1 $1 29. Rxe1 Rc3 30. Qd1 Qf5 $36 {[%emt 0:00:14][%mdl 2048] Black has strong initiative.} 31. Ra2 Ne4 ({Better is} 31... g6 32. Qb1 Qxb1 33. Rxb1 Rc1) 32. Kh2 g6 {[%emt 0:01:11] Black has more active pieces.} 33. f3 $2 (33. Bd3 $17) 33... Nd6 $19 34. Rg2 $2 {[%emt 0:00:02] [#]} (34. Kg2) 34... Rxe3 $1 {[%emt 0:01:45] Weighted Error Value: White=0.37/Black=0.11 (very precise)   Loses game:     	White=1     	---        Mistake:       	White=4     	Black=2      Inaccurate:     	White=1     	---        OK:         	White=6     	Black=9      Best:        	White=1     	Black=1      Brilliant:      	---       	Black=1} 0-1

[Event "2nd Bundesliga Nord 2024-25"]
[Site "Germany"]
[Date "2025.02.22"]
[Round "8.14"]
[White "Galperin, Platon"]
[Black "Korotkjevich, Stanislav"]
[Result "1-0"]
[Annotator "TA"]
[ECO "B00"]
[WhiteElo "2495"]
[BlackElo "2360"]
[PlyCount "43"]
[EventDate "2024.11.29"]
[EventType "team-tourn"]
[EventCountry "GER"]
[SourceTitle "playchess.com"]
[Source "ChessBase"]
[SourceQuality "1"]
[WhiteTeam "Wolfhagen"]
[BlackTeam "SG Porz"]
[TimeControl "40/5400+30:1800+30"]

1. e4 Nc6 2. Nf3 d6 3. d4 Nf6 4. Nc3 Bg4 5. Be3 e6 6. h3 Bh5 7. d5 exd5 8. exd5 Nb8 {[%emt 0:00:19] B00: Queen's Fianchetto Defence, Nimzowitsch Defence.} (8... Ne5 $16 {might work better.}) 9. g4 $18 Bg6 10. Bg2 Be7 {[%emt 0:01:57] White is clearly better.} 11. Nd4 {[%emt 0:01:01] White is more active.} Nfd7 12. Qd2 $146 (12. O-O h5 13. f4 hxg4 14. hxg4 Nb6 15. b3 N8d7 16. Qe2 O-O 17. g5 Re8 18. Rae1 {1-0 Piorun,K (2528)-Korotkjevich,S (2371) Neckar op-A 19th 2015 (5)}) 12... Nb6 13. b3 {[%emt 0:00:07] Prevents Nc4} N8d7 14. O-O-O a5 15. f4 {[%emt 0:00:16][%cal Bf2f4,Bf4g5][%mdl 32] f5 would now be deadly.} h6 16. a4 Nc5 {[%emt 0:00:00] [#]} 17. h4 $1 Bxh4 $2 (17... Bh7 18. g5 Nbd7) (17... Nbd7 18. f5) 18. g5 (18. f5 Bh7 19. Ndb5 Rc8 20. Bxc5 dxc5 $18) 18... hxg5 19. fxg5 Rh5 20. Bf4 {[%emt 0:04:46] Dodges Bg3} ({Less strong is} 20. Bf3 Rh7 21. Ndb5 Bf5 22. Bxc5 dxc5) 20... f6 $2 {[%emt 0:00:00] [#]} (20... Bxg5 $2 {loses.} 21. Rxh5 Bxh5 22. Bxg5 $18) (20... Qxg5 21. Rde1+ (21. Bxg5 Bxg5 22. Rde1+ Kd7 $18) 21... Kd7) 21. Rxh4 $1 Rxh4 22. Qe1+ {[%emt 0:00:05] Black got outplayed after the opening.   Weighted Error Value: White=0.15 (very precise) /Black=0.60  Mistake:       	---       	Black=2      Inaccurate:     	White=1     	Black=1      OK:         	White=8     	Black=5      Best:        	White=1     	Black=1} 1-0

[Event "2nd Bundesliga Nord 2024-25"]
[Site "Germany"]
[Date "2025.02.22"]
[Round "8.15"]
[White "Pauly, Carlo"]
[Black "Vetoshko, Volodymyr"]
[Result "0-1"]
[Annotator "TA"]
[ECO "D35"]
[WhiteElo "2319"]
[BlackElo "2529"]
[PlyCount "56"]
[EventDate "2024.11.29"]
[EventType "team-tourn"]
[EventCountry "GER"]
[SourceTitle "playchess.com"]
[Source "ChessBase"]
[SourceQuality "1"]
[WhiteTeam "SG Porz"]
[BlackTeam "Wolfhagen"]
[TimeControl "40/5400+30:1800+30"]

1. d4 Nf6 2. c4 e6 3. Nc3 d5 4. Nf3 Nbd7 5. Bf4 Bb4 6. cxd5 exd5 7. e3 Ne4 {[%emt 0:01:14] D35: Queen's Gambit Declined: Exchange Variation.} 8. Nd2 (8. Qc2 $11) 8... Nxc3 $15 9. bxc3 Bxc3 {[%emt 0:00:42] Black is slightly better.} 10. Rc1 Ba5 11. Bd3 c6 12. O-O {[%emt 0:07:27] White sacrificed a pawn} Nf6 13. Nb3 Bc7 14. Bxc7 Qxc7 15. f3 O-O 16. e4 dxe4 $146 {[%emt 0:11:09][%mdl 128] Black attacks.} ({Predecessor:} 16... Qf4 17. Qe1 Qh6 18. e5 Nh5 19. g3 g6 20. f4 Ng7 21. Qb4 Qh3 22. Rf2 h5 {½-½ Wang,I (2342)-Yim,S (2280) Las Vegas 1000 GM June GM-A 2024 (3)}) 17. fxe4 Be6 18. e5 $1 Nd7 19. Qh5 {[%emt 0:04:23][%csl Gd3][%cal Rh5h7] [#]} g6 20. Qh6 f5 21. g4 $1 Qb6 22. Qe3 $2 (22. gxf5 Bxb3 23. Rf4 Nxe5 (23... Bxa2 $2 24. f6 $18) 24. fxg6 Rxf4 (24... Nxd3 25. Qxh7#) 25. Qxh7+ Kf8 26. g7+ Ke8 27. axb3 Rg4+ (27... Rxd4 28. g8=Q#) (27... Qxd4+ 28. Kh1 $11) 28. Kh1 Qxd4 (28... Nxd3 $2 29. Rf1 $18) 29. g8=Q+ (29. g8=R+ Rxg8 30. Qxg8+ Ke7 $11) 29... Rxg8 30. Qxg8+ Ke7 31. Qg7+ (31. Qxa8 Qd5+ 32. Kg1 Qd4+ 33. Kh1 Qd5+ 34. Kg1 Qd4+ 35. Kh1 $11) 31... Kd6) (22. Rb1 $11 Qd8 (22... Nxe5 23. Nc5 $16) (22... Bxb3 23. Rf4 $14) 23. gxf5 Bxf5 24. Bxf5 Rxf5 25. Rxf5 gxf5 26. Kf2) 22... fxg4 $19 23. Nd2 Rxf1+ 24. Rxf1 Rf8 (24... Bxa2 25. e6 Nf8 (25... Re8 $2 26. Bc4 $18) 26. e7 $16) 25. Rxf8+ (25. Rb1 $17 Qa5 26. Rxb7) 25... Nxf8 26. Ne4 Nd7 {[%emt 0:02:45][%cal Ob6b2] Hoping for ...Qb2!.} (26... Bxa2 27. Nf6+ Kh8 28. Qf2) 27. Ng5 {[%emt 0:02:09] [#]} (27. Bc2) 27... c5 $1 (27... Bxa2 28. e6 Nf6 29. e7 $11 (29. Qe5 Ne8 $17)) 28. Qe2 $2 (28. Nxe6 {was called for.} Qxe6 29. dxc5) 28... c4 {[%emt 0:00:30] Weighted Error Value: White=0.43/Black=0.14 (very precise)   Loses game:     	White=1     	---        Mistake:       	White=4     	---        Inaccurate:     	---       	Black=3      OK:         	White=8     	Black=5      Best:        	---       	Black=2      Strong:       	White=2     	Black=1} ({Weaker is} 28... cxd4 29. Nxe6 a6 (29... Qxe6 $2 {too greedy.} 30. Bc4 $18) 30. Ng5 $16 (30. Qxg4 $2 Nxe5 31. Qh3 Nxd3 $19)) 0-1

[Event "2nd Bundesliga Nord 2024-25"]
[Site "Germany"]
[Date "2025.02.22"]
[Round "8.16"]
[White "Bogdanov, Egor"]
[Black "Marcziter, Dmitrii"]
[Result "1-0"]
[Annotator "TA"]
[ECO "B28"]
[WhiteElo "2489"]
[BlackElo "2187"]
[PlyCount "75"]
[EventDate "2024.11.29"]
[EventType "team-tourn"]
[EventCountry "GER"]
[SourceTitle "playchess.com"]
[Source "ChessBase"]
[SourceQuality "1"]
[WhiteTeam "Wolfhagen"]
[BlackTeam "SG Porz"]
[TimeControl "40/5400+30:1800+30"]

1. e4 c5 2. Nf3 a6 3. c3 d5 4. exd5 Qxd5 5. d4 Nf6 6. Be2 e6 7. O-O Nc6 8. Be3 cxd4 9. Nxd4 Nxd4 {[%emt 0:05:29] B28: Sicilian: 2 Nf3 a6 (O'Kelly Variation).} 10. Bxd4 Be7 (10... Bc5 $14) 11. Bf3 $16 Qd8 {[%emt 0:02:31] White is better.} 12. Nd2 Qc7 13. Qe2 Bd7 $146 ({Predecessor:} 13... O-O 14. Nc4 Nd7 15. Rad1 Bc5 16. Rfe1 Rb8 17. b4 Bxd4 18. cxd4 b5 19. Na5 Nb6 {1-0 Rooze,J (2235)-Helmond,F (1958) Rheinland Pfalz Seniors op 21st 2024 (2)}) 14. Be5 Qc8 15. Rfd1 Bb5 {[%emt 0:08:02] Prevents Nc4} 16. Qe3 Bc6 (16... O-O $14) 17. Bxf6 $1 Bxf6 {[%emt 0:22:14] [#]} 18. Nc4 $1 Qc7 19. Nd6+ Kf8 20. Bxc6 Qxc6 21. Rd3 Rd8 22. Rad1 Be7 {[%emt 0:01:07][%cal Rd8d6] [#]} 23. Qe5 Bf6 24. Qf4 {[%emt 0:01:02] White is more active.} h5 25. Qb4 $40 {[%emt 0:06:10][%mdl 128] Threatens to win with Ne4+. White wants a kill.} Be7 $2 {[%emt 0:02:56] [#] Black cannot hold the game after this.} (25... Kg8 $16 {is a better chance.} 26. Ne4 (26. Qxb7 Qxb7 27. Nxb7 Rb8 $18) (26. Nxb7 Rxd3 27. Rxd3 Qc7 $16) 26... Rxd3 27. Nxf6+ (27. Rxd3 Be7 $14) 27... gxf6 28. Rxd3 Qc7) 26. Nc8 $1 $18 {[%emt 0:01:43] White is clearly winning.} Rxc8 27. Rd8+ Qe8 28. Rxe8+ Rxe8 29. Qxb7 a5 30. b4 axb4 31. cxb4 h4 32. a4 h3 33. a5 Rh4 34. b5 Rg4 35. g3 Ra4 36. a6 Rd8 37. Rxd8+ Bxd8 38. Kf1 {[%emt 0:00:02] Weighted Error Value: White=0.02 (flawless) /Black=0.70  Loses game:     	---       	Black=1      Mistake:       	---       	Black=2      Inaccurate:     	White=1     	Black=2      OK:         	White=11    	Black=5      Best:        	White=1     	Black=2      Strong:       	White=2     	Black=1      Brilliant:      	White=1     	---} 1-0

[Event "2nd Bundesliga Nord 2024-25"]
[Site "Germany"]
[Date "2025.02.23"]
[Round "9.1"]
[White "Nyback, Tomi"]
[Black "Lutz, Christopher"]
[Result "1-0"]
[Annotator "TA"]
[ECO "D35"]
[WhiteElo "2589"]
[BlackElo "2524"]
[PlyCount "65"]
[EventDate "2024.11.29"]
[EventType "team-tourn"]
[EventCountry "GER"]
[SourceTitle "playchess.com"]
[Source "ChessBase"]
[SourceQuality "1"]
[TimeControl "40/5400+30:1800+30"]

1. d4 Nf6 2. c4 e6 3. Nf3 d5 4. Nc3 Be7 5. cxd5 exd5 6. Bf4 c6 7. h3 {[%emt 0:01:13] D35: Queen's Gambit Declined: Exchange Variation.} Bf5 {[%emt 0:34:03] Prevents Qc2} 8. g4 Be4 9. e3 {[%emt 0:01:21] The position is equal.} Nbd7 10. g5 Nh5 {[%emt 0:25:59] Threatens to win with ...Nxf4.} (10... Qb6 $5 11. Nxe4 (11. gxf6 Bxf3 12. fxg7 Rg8 $17) 11... Nxe4 $15) 11. Bh2 Bg6 $146 (11... Bxf3 12. Qxf3 g6 13. h4 Nb6 14. Bd3 Bd6 15. Bxd6 Qxd6 16. Qh3 Qd7 17. Be2 Qxh3 18. Rxh3 {½-½ Chen,Y (2363)-Guo,Q (2378) CHN-chT (Women) 2024 (2.1)}) 12. Rg1 h6 (12... Qb6 $11) 13. Nh4 $16 {[%emt 0:18:02] [#]} hxg5 (13... Bxg5 $14 14. Nxg6 fxg6) 14. Nxg6 fxg6 15. Bd3 {[%emt 0:00:48] White sacrificed a pawn} Nf8 16. Qc2 {[%emt 0:01:01][%mdl 1024] White has strong compensation.} Kf7 17. O-O-O Rh6 18. Rg4 {[%emt 0:01:11] White is much more active.} Qd7 19. Rdg1 Qe6 {[%emt 0:03:51] [#]} (19... Re8 $16) 20. Be5 (20. Ne4 $1 $18 {has better winning chances.}) 20... Bd6 $2 {[%emt 0:03:01] This move loses the game for Black.} (20... Kg8 $16) 21. Rxg5 $18 Bxe5 22. dxe5 {[%emt 0:00:00][%cal Oc3e4] aiming for Ne4!.} (22. Rxe5 Qxh3 23. Reg5 Kg8 $16) 22... Rd8 23. Ne2 ({Don't take} 23. f4 Qxh3 24. Nd1 (24. Bxg6+ Nxg6 25. Rxg6 Qxe3+ 26. Kb1 Kg8 $15) 24... Ke7 $18) 23... c5 {[%emt 0:00:04][%cal Bc6c5,Bc5c4][%mdl 32] Prevents Nd4.} 24. e4 (24. Qxc5 $2 Rc8 $19 (24... Qxh3 $2 {is the wrong capture.} 25. R5g4 $18)) 24... c4 {[%emt 0:03:47] White is clearly winning.} 25. exd5 cxd3 26. dxe6+ Nxe6 27. Qc4 dxe2 28. R5g4 {[%emt 0:00:00] Dodges Nhf4} g5 29. Qxe2 Nhf4 30. Qf3 Kg8 31. Kb1 Rxh3 32. R4g3 Rh2 33. Rxg5 {[%emt 0:01:24] Weighted Error Value: White=0.14 (very precise) /Black=0.44  Loses game:     	---       	Black=1      Mistake:       	White=1     	Black=3      Inaccurate:     	White=2     	Black=3      OK:         	White=12    	Black=5      Best:        	White=3     	---} 1-0

[Event "2nd Bundesliga Nord 2024-25"]
[Site "Germany"]
[Date "2025.02.23"]
[Round "9.2"]
[White "Xu, Xianliang"]
[Black "Colbow, Collin"]
[Result "0-1"]
[Annotator "TA"]
[ECO "B22"]
[WhiteElo "2470"]
[BlackElo "2442"]
[PlyCount "92"]
[EventDate "2024.11.29"]
[EventType "team-tourn"]
[EventCountry "GER"]
[SourceTitle "playchess.com"]
[Source "ChessBase"]
[SourceQuality "1"]
[TimeControl "40/5400+30:1800+30"]

1. e4 c5 2. c3 Nf6 3. e5 Nd5 4. d4 cxd4 5. Nf3 e6 6. cxd4 d6 7. Bc4 Be7 {[%emt 0:00:05] is now debated instead of 7...Nc6.} 8. O-O {[%emt 0:00:30] B22: Sicilian: 2 c3.} O-O 9. Qe2 b6 10. Nc3 {[%emt 0:10:34] The position is equal.} Nxc3 11. bxc3 Bb7 12. Bf4 (12. Rd1 $5) 12... dxe5 13. Nxe5 Nc6 14. Bd3 Nxe5 15. Bxe5 Rc8 16. Rac1 Bd6 $40 {[%emt 0:08:14][%mdl 128] Black has some attack.} 17. Be4 $146 (17. c4 $11 {keeps the balance.}) (17. f4 g6 18. Qg4 Rc7 19. h4 h5 20. Qg3 Bxe5 21. fxe5 Rxc3 22. Rxc3 Qxd4+ 23. Kh2 Qxc3 24. Rf6 Kh8 25. Qe3 Kg8 26. Qg3 Kh8 27. Qe3 Kg8 28. Qg3 {½-½ Ferguson,M (2393)-Gordon,S (2535) BCF-chTc 1112 (4NCL) 2011 (11.115)}) 17... Bxe5 $17 18. dxe5 Bxe4 19. Qxe4 Rc5 20. f4 Qc7 21. Rf3 Rc4 22. Qe2 g6 23. g3 (23. h3 $142) 23... Kg7 24. Rd3 Rc8 25. Qd2 Qc5+ 26. Kg2 h5 27. h4 (27. Kh3 $17 {might work better.}) 27... b5 $19 28. Rb1 a6 (28... Rxc3 29. Rxc3 Qxc3 30. Qxc3 Rxc3 31. Rxb5 $15) 29. Rb3 a5 {[%emt 0:00:42] ...b4 would now be deadly.} 30. Kh3 Qg1 31. Qg2 {[%emt 0:00:46] Prevents Qh1+} Qc1 32. Rxb5 Rxc3 33. Rxc3 Rxc3 {[%emt 0:00:08][%mdl 4096] Endgame KQR-KQR} 34. Rb2 {[%emt 0:01:16] Against Rc2} Qxf4 35. Re2 $2 (35. Rf2 $19 Qxe5 36. Kh2) 35... Qg4+ 36. Kh2 {[%emt 0:00:11] [#]} Rxg3 $3 37. Qxg3 Qxe2+ {[%emt 0:00:06] KQ-KQ. Black is two pawns up.} 38. Kh1 Qf1+ (38... Qxa2 $142 39. Qf4 Kg8 40. Qg5 a4 41. Kg1 Qb1+ 42. Kh2 Qc2+ 43. Kg3 Qc3+ 44. Kg2 Qc2+ 45. Kg3) 39. Kh2 Qe2+ (39... Qf5 $19 40. a3 Qc2+ 41. Kg1 Qe2) 40. Kh1 $1 Qxa2 41. Qg5 Qb1+ 42. Kh2 Qc2+ 43. Kh1 Qd1+ {[%emt 0:00:12] Black mates.} 44. Kh2 Qe2+ 45. Kh1 Qf3+ 46. Kh2 a4 {[%emt 0:00:31] Weighted Error Value: White=0.56/Black=0.46  Mistake:       	White=4     	---        Inaccurate:     	White=2     	---        OK:         	White=7     	Black=14     Best:        	---       	Black=4      Strong:       	White=1     	---} 0-1